 Dungeon Crawl Stone Soup version 0.25.0-9-g26727b657a (webtiles) character file.

Game seed: 9192804019580183753

427 Esekla the Skirmisher (level 6, -7/53 HPs)
             Began as a Draconian Arcane Marksman on June 21, 2020.
             Shot with an arrow by a centaur (16 damage)
             ... on level 5 of the Dungeon.
             The game lasted 00:16:39 (3289 turns).

Esekla the Skirmisher (Draconian Arcane Marksman)   Turns: 3289, Time: 00:16:40

Health: -7/53      AC:  9    Str: 13    XL:     6   Next: 65%
Magic:  7/7        EV: 13    Int: 15    God:
Gold:   165        SH:  5    Dex: 11    Spells: 6/7 levels left

rFire    . . .     SeeInvis .   k - +0 long sword
rCold    . . .     Gourm    .   (no shield)
rNeg     . . .     Faith    .   (armour unavailable)
rPois    .         Spirit   .   (helmet restricted)
rElec    .         Reflect  +   (no cloak)
rCorr    .         Harm     .   d - +2 pair of gloves
MR       .....                  (no boots)
Stlth    +.........             m - amulet of reflection
HPRegen  0.17/turn              (no ring)
MPRegen  0.10/turn              (no ring)

@: marked
A: unfitting armour, cold-blooded, AC +6
a: no special abilities


You were on level 5 of the Dungeon.
You were hungry.

You visited 1 branch of the dungeon, and saw 6 of its levels.

You collected 165 gold pieces.

Inventory:

Hand Weapons
 a - a +0 dagger
 k - a +0 long sword (weapon)
Missiles
 b - 5 javelins (quivered)
 c - 2 throwing nets
Armour
 d - a +2 pair of gloves (worn)
Jewellery
 m - an amulet of reflection (around neck)
Wands
 o - a wand of random effects (23)
 p - a wand of iceblast (10)
Scrolls
 e - 3 scrolls of remove curse
 f - a scroll of blinking {unknown}
 g - 3 scrolls of teleportation {unknown}
 h - a scroll of fog {unknown}
 j - a scroll of magic mapping {unknown}
 q - a scroll of identify {unknown}


   Skills:
 * Level 4.5 Fighting
 + Level 2.4(3.1) Short Blades
 + Level 3.1(3.5) Long Blades
 - Level 1.7 Throwing
 + Level 3.6 Dodging
 + Level 1.0 Spellcasting
 - Level 2.6 Hexes


You had 6 spell levels left.
You knew the following spells:

 Your Spells              Type           Power        Failure   Level  Hunger
a - Corona                Hex            #......      9%          1    ##.....

Your spell library contained the following spells:

 Spells                   Type           Power        Failure   Level  Hunger
 Slow                     Hex            #.......     12%         2    ###....
 Inner Flame              Hex/Fire       #.......     38%         3    ####...
 Portal Projectile        Hex/Tloc       #.....       38%         3    ####...
 Cause Fear               Hex            #.........   63%         4    #####..
 Leda's Liquefaction      Hex/Erth       #.........   80%         4    #####..


Dungeon Overview and Level Annotations

Branches:
Dungeon (6/15)
 Temple: D:4-7

Altars:
Okawaru

Annotations:
D:5 Grinder


Innate Abilities, Weirdness & Mutations

Your plain brown scales are hard. (AC +6)
You cannot fit into any form of body armour.
You are cold-blooded and may be slowed by cold attacks.


Message History

You suddenly lose the ability to move!
The centaur wields a +0 shortbow.
The centaur shoots an arrow.
The arrow hits you.
The shadow imp hits you but does no damage.
The centaur shoots an arrow.
The arrow hits you!
You can move again.
The shadow imp barely misses you.
You hit the shadow imp.
The shadow imp is almost dead.
A centaur comes into view.
The shadow imp gestures at you. Pain shoots through your body!
Grinder says, "FISH!"
Grinder blinks!
The centaur shoots an arrow.
The arrow hits you!
* * * LOW HITPOINT WARNING * * *
The shadow imp hits you.
* * * LOW HITPOINT WARNING * * *
A giant cockroach comes into view.
The centaur shoots an arrow.
The arrow hits you!
You die...

##...##..###....##
#.....'...#.......
#.....#...#..)....
#....##..PPP.PPPPP
##...##..P...P.P..
##.......P.P.P.P.P
#..........P...P.P
#........PPP.P.P.P
#@55.....P. ....
#........PP


PP.P +.c..####P. ...P ##ยง..# P. P.P P #c..# .. .( '.... PP #..... ...s##+ You
could see Grinder, 2 centaurs, a shadow imp and a giant cockroach.

Vanquished Creatures
  A water moccasin skeleton (D:4)
  A crimson imp (D:5)
  A jelly (D:5)
  An orc wizard (D:5)
  3 bullfrog skeletons
  An iguana (D:5)
  4 worker ants
  Robin (D:2)
  An adder skeleton (D:5)
  2 worms (D:2)
  A dart slug (D:1)
  2 leopard geckos
  7 orcs
  2 ball pythons
  4 giant cockroaches
  A hobgoblin (D:2)
  8 jackals
  A quokka (D:4)
  2 bats
  3 frilled lizards
  10 goblins
  4 kobolds (D:1)
  3 rats
64 creatures vanquished.

Notes
Turn   | Place    | Note
-------+----------+-------------------------------------------
     0 | D:1      | Esekla the Draconian Arcane Marksman began the quest for
                  | the Orb.
     0 | D:1      | Reached XP level 1. HP: 16/16 MP: 2/2
   101 | D:1      | Reached XP level 2. HP: 24/24 MP: 3/3
   116 | D:1      | Reached skill level 2 in Fighting
   584 | D:2      | Found an iron altar of Okawaru.
   668 | D:2      | Reached XP level 3. HP: 19/30 MP: 4/4
   762 | D:2      | Noticed Robin
  1033 | D:2      | Killed Robin
  1033 | D:2      | Reached skill level 1 in Short Blades
  1283 | D:4      | Reached skill level 3 in Fighting
  1283 | D:4      | Reached XP level 4. HP: 24/38 MP: 5/5
  1411 | D:5      | Entered Level 5 of the Dungeon
  1794 | D:4      | Reached XP level 5. HP: 45/45 MP: 6/6
  1837 | D:4      | Reached skill level 1 in Long Blades
  1976 | D:4      | Reached skill level 4 in Fighting
  2469 | D:5      | Reached XP level 6. HP: 8/52 MP: 7/7
  3282 | D:5      | Noticed Grinder
  3285 | D:5      | Paralysed by Grinder for 2 turns
  3289 | D:5      | Shot with an arrow by a centaur

Illustrated notes

Levels and vault maps discovered:
D:1:      lemuel_arrival_broad_hall, layout_basic
D:2:      layout_basic, overflow_temple_1_default,
          nicolae_overflow_hidden_temple, uniq_robin
D:3:      layout_loops_ring, lemuel_doored_altar, first_ration, chequers_garden
D:4:      layout_basic, minmay_box_of_dots
D:5:      layout_gridville, makhleb_altar_promises_db, basic_altar,
          minmay_hedge_maze, uniq_grinder
D:6:      layout_loops_ring, minmay_temple_entry_from_below_a

Skill      XL: |  1  2  3  4  5  6 |
---------------+-------------------+-----
Dodging        | 2 3 |  3.6
Fighting       | 2 3 4 |  4.5
Short Blades   | 1 2 |  2.4
Long Blades    | 1 3 |  3.1
Throwing       | |  1.7
Spellcasting   | |  1.0
Hexes          | |  2.6

Action                   |  1- 3 |  4- 6 || total
-------------------------+-------+-------++-------
Melee: Dagger            |   176 |       ||   176
       Tailslap          |    25 |    11 ||    36
       Unarmed           |     1 |       ||     1
       Long sword        |    12 |   124 ||   136
Throw: Javelin           |     3 |     6 ||     9
  Use: Potion            |       |     4 ||     4
       Scroll            |       |     1 ||     1
  Eat: Chunk             |     1 |     3 ||     4
       Ration            |       |     1 ||     1
Armor: Skin              |    62 |    32 ||    94
Dodge: Dodged            |   102 |    83 ||   185
Block: Other             |     2 |    31 ||    33
       Rpst.: Long sword |     4 |    28 ||    32
